Map: Proxima Station LE

Players

Harstem - Winner!

  • Race: Protoss Protoss
  • Spawn Location: 7:00

Neeb

  • Race: Protoss Protoss
  • Spawn Location: 1:00

Event: IEM XI Katowice - World Championship 2017

VOD

Have the link to the VOD?

Description

Time

  • Played on: March 2, 2017, 9:56 a.m.
  • Length: 5:51

All games in this series

Show
View Real Time Build Order
Export as new Build Order

Harstem Protoss - Winner!

Build Orders: Phoenix Opening 

Get SALT Encoding   

  12  0:00  Probe (Chrono Boost)  
  13  0:11  Probe (Chrono Boost)  
  14  0:18  Pylon  
  14  0:22  Probe (Chrono Boost)  
  15  0:36  Probe (Chrono Boost)  
  15  0:40  Gateway  
  16  0:47  Pylon  
  16  0:51  Probe (Chrono Boost)  
  17  0:58  Assimilator  
  17  1:02  Probe (Chrono Boost)  
  18  1:05  Assimilator  
  18  1:12  Probe (Chrono Boost)  
  19  1:23  Probe (Chrono Boost)  
  20  1:27  Cybernetics Core  
  20  1:33  Probe (Chrono Boost)  
  21  1:44  Probe (Chrono Boost)  
  21  1:46  Pylon  
  22  1:54  Probe (Chrono Boost)  
  23  2:06  Probe (Chrono Boost)  
  23  2:07  Stargate, Stalker  
  26  2:19  Probe (Chrono Boost)  
  26  2:21  Warp Gate  
  27  2:37  Nexus  
  27  2:47  Phoenix  
  27  2:50  Probe (Chrono Boost)  
  30  3:03  Probe (Chrono Boost)  
  31  3:08  Phoenix  
  33  3:15  Probe (Chrono Boost)  
  35  3:27  Probe (Chrono Boost)  
  35  3:28  Assimilator  
  35  3:30  Phoenix  
  37  3:40  Probe (Chrono Boost)  
  37  3:50  Probe (Chrono Boost)  
  37  3:51  Probe (Chrono Boost)  
  37  3:52  Phoenix  
  41  4:01  Probe (Chrono Boost)  
  41  4:02  Probe (Chrono Boost)  
  43  4:04  Stargate  
  43  4:10  Pylon  
  43  4:12  Probe (Chrono Boost)  
  43  4:14  Phoenix, Probe (Chrono Boost)  
  45  4:22  Probe (Chrono Boost)  
  48  4:28  Probe (Chrono Boost)  
  49  4:33  Robotics Facility  
  49  4:34  Assimilator  
  49  4:38  Probe (Chrono Boost)  
  51  4:40  Probe (Chrono Boost)  
  51  4:44  Phoenix  
  51  4:47  Phoenix  
  51  4:49  Probe (Chrono Boost)  
  56  4:55  Probe (Chrono Boost)  
  56  4:56  Pylon  
  57  5:01  Probe (Chrono Boost)  
  59  5:07  Probe (Chrono Boost)  
  59  5:09  Phoenix  
  59  5:10  Phoenix  
  61  5:16  Probe (Chrono Boost)  
  61  5:19  Pylon  
  63  5:22  Observer, Probe (Chrono Boost)  
  64  5:31  Probe (Chrono Boost)  
Show
View Real Time Build Order
Export as new Build Order

Neeb Protoss 

Build Orders: Oracle Opening, Phoenix Opening 

Get SALT Encoding   

  12  0:00  Probe (Chrono Boost)  
  13  0:11  Probe (Chrono Boost)  
  14  0:17  Pylon  
  14  0:22  Probe (Chrono Boost)  
  15  0:35  Probe (Chrono Boost)  
  16  0:38  Gateway  
  16  0:45  Pylon  
  16  0:49  Probe (Chrono Boost)  
  17  1:00  Probe (Chrono Boost)  
  17  1:01  Assimilator  
  18  1:06  Assimilator  
  18  1:10  Probe (Chrono Boost)  
  19  1:14  Pylon  
  19  1:21  Probe (Chrono Boost)  
  20  1:26  Cybernetics Core  
  20  1:31  Probe (Chrono Boost)  
  21  1:42  Probe (Chrono Boost)  
  22  1:52  Probe (Chrono Boost)  
  23  2:03  Stargate, Probe (Chrono Boost)  
  24  2:13  Probe (Chrono Boost)  
  25  2:16  Stalker  
  25  2:18  Warp Gate  
  27  2:33  Nexus  
  27  2:40  Probe (Chrono Boost)  
  27  2:41  Oracle  
  32  2:52  Probe (Chrono Boost)  
  32  2:56  Pylon  
  32  3:05  Probe (Chrono Boost)  
  33  3:17  Mothership Core (Chrono Boost)  
  35  3:20  Phoenix  
  37  3:30  Gateway  
  37  3:36  Assimilator  
  37  3:37  Probe (Chrono Boost)  
  38  3:41  Gateway  
  36  3:48  Phoenix  
  36  3:49  Probe (Chrono Boost)  
  36  3:53  Probe (Chrono Boost)  
  39  3:58  Pylon  
  39  4:01  Probe (Chrono Boost)  
  40  4:04  Probe (Chrono Boost)  
  41  4:10  Phoenix  
  41  4:13  Probe (Chrono Boost)  
  41  4:14  Probe (Chrono Boost)  
  44  4:25  Probe x2 (Chrono Boost)  
  44  4:28  Stargate  
  43  4:32  Phoenix  
  43  4:35  Probe (Chrono Boost)  
  43  4:38  Probe (Chrono Boost)  
  47  4:40  Assimilator  
  47  4:46  Probe (Chrono Boost)  
  47  4:51  Probe (Chrono Boost)  
  48  4:53  Phoenix  
  48  4:56  Probe (Chrono Boost), Stalker  
  53  5:03  Probe (Chrono Boost)  
  54  5:07  Probe (Chrono Boost)  
  54  5:10  Phoenix  
  52  5:15  Phoenix  
  52  5:17  Probe (Chrono Boost)  
  52  5:20  Probe (Chrono Boost)  
  56  5:27  Stalker  
  60  5:37  Pylon  

Tags
 
Add a new tag
Caveats
  • Supply blocks, unpowered buildings, or Contaminate may cause inaccurate times.
  • Supply counts are checked every 10 seconds.